[Event "45th FIDE Olympiad 2024"]
[Site "Budapest"]
[Date "2024.09.18"]
[Round "7.53"]
[White "Garcia Pantoja, Roberto"]
[Black "Navara, David"]
[Result "1/2-1/2"]
[ECO "B13"]
[WhiteElo "2550"]
[BlackElo "2681"]
[Annotator "TA"]
[PlyCount "62"]
[EventDate "2024.09.05"]
[EventType "team-tourn"]
[EventCountry "HUN"]
[SourceTitle "playchess.com"]
[Source "ChessBase"]
[SourceQuality "1"]
[WhiteTeam "Colombia"]
[BlackTeam "Czech Republic"]
[WhiteTeamCountry "COL"]
[BlackTeamCountry "CZE"]
[TimeControl "40/5400+30:1800+30"]

1. e4 c6 2. d4 d5 3. exd5 cxd5 4. Bd3 Nc6 5. c3 Nf6 6. Bf4 Bg4 7. Nf3 e6 8. h3 Bxf3 9. Qxf3 Bd6 10. Bxd6 Qxd6 11. O-O O-O 12. Re1 Rad8 13. Qe3 Rfe8 14. f4 Nh5 15. Rf1 g6 16. Nd2 f6 17. g4 Ng7 18. Nf3 e5 {[%emt 0:04:47] The position is equal.} 19. fxe5 fxe5 20. Nxe5 Nxe5 21. dxe5 Qxe5 22. Qxe5 (22. Qxa7 $2 {loses.} Qg3+ 23. Kh1 Qxh3+ (23... Qxd3 $2 24. Qf2 $19) 24. Kg1 Re3 $19 (24... Qxd3 $2 25. Qf2 $19) (24... Qxg4+ $2 25. Kh1 $19) (24... Qxd3 $2 25. Qf2 $19) (24... Qxg4+ $2 25. Kh1 $19)) 22... Rxe5 23. Rfe1 Rde8 24. Rxe5 Rxe5 $11 {[%emt 0:00:06][%mdl 4096] Endgame. KRB-KRN} 25. Kf2 g5 26. h4 gxh4 27. Rh1 h5 28. Rxh4 Kf7 29. gxh5 Rxh5 30. Rxh5 Nxh5 31. Ke3 Ke6 {[%emt 0:00:25] A balanced but interesting game.   Weighted Error Value: White=0.02 (flawless) /Black=0.01 (flawless) .  OK:         	White=7     	Black=9      Best:        	---       	Black=1} 1/2-1/2

[Event "45th FIDE Olympiad 2024"]
[Site "Budapest"]
[Date "2024.09.18"]
[Round "7.53"]
[White "Ayyad, Husain"]
[Black "Murphy, Jones"]
[Result "1-0"]
[WhiteElo "2129"]
[BlackElo "2021"]
[PlyCount "23"]
[EventDate "2024.09.05"]
[EventType "team-tourn"]
[EventCountry "HUN"]
[WhiteTeam "Bahrain"]
[BlackTeam "Dominica"]
[WhiteTeamCountry "BHN"]
[TimeControl "40/5400+30:1800+30"]

1. e4 e5 2. Nf3 Nc6 3. d4 exd4 4. Bc4 Bc5 5. O-O d6 6. b4 Bxb4 7. Nxd4 Nxd4 8. Qxd4 Qf6 9. Bb5+ Kf8 10. Qxb4 Qxa1 11. Bb2 Qxa2 12. Bc4 1-0

[Event "45th FIDE Olympiad 2024"]
[Site "Budapest"]
[Date "2024.09.18"]
[Round "7.54"]
[White "Nguyen, Thai Dai Van"]
[Black "Cardoso Cardoso, Jose Gabriel"]
[Result "1/2-1/2"]
[ECO "C47"]
[WhiteElo "2647"]
[BlackElo "2508"]
[Annotator "RC"]
[PlyCount "118"]
[EventDate "2024.09.05"]
[EventType "team-tourn"]
[EventCountry "HUN"]
[SourceTitle "playchess.com"]
[Source "ChessBase"]
[SourceQuality "1"]
[WhiteTeam "Czech Republic"]
[BlackTeam "Colombia"]
[WhiteTeamCountry "CZE"]
[BlackTeamCountry "COL"]
[TimeControl "40/5400+30:1800+30"]

1. e4 e5 2. Nf3 Nf6 3. Nc3 Nc6 4. d4 exd4 5. Nxd4 Bb4 6. Nxc6 bxc6 7. Bd3 d5 8. exd5 O-O 9. O-O Bg4 10. f3 Bh5 11. Bg5 Qd6 12. Bxf6 Qxf6 13. Ne4 Qxb2 14. Rb1 Qa3 15. dxc6 Ba5 16. Bc4 Rad8 17. Bd5 Rfe8 18. Rb3 Qf8 19. Rd3 Kh8 20. c4 f5 21. Ng3 Bg6 22. f4 Qc5+ 23. Kh1 Re7 24. Qb1 h5 25. Bf3 Rxd3 26. Qxd3 h4 27. Ne2 Bf7 28. Bd5 Bxd5 29. cxd5 Re4 30. Ng1 Bb6 31. Nh3 g6 32. Qf3 Rc4 33. Qd1 Qe3 34. Re1 Qc3 35. Ng5 Be3 36. Qe2 Rxf4 37. d6 cxd6 38. c7 Rc4 39. Nf7+ Kg8 40. Nxd6 Rxc7 41. Nb5 Qxe1+ 42. Qxe1 Rc1 43. Qxc1 Bxc1 44. Nxa7 Kf7 45. Nc6 Ba3 46. Ne5+ Kf6 47. Nf3 g5 48. Kg1 Bd6 49. a4 Bc7 50. Kf2 h3 51. gxh3 g4 52. hxg4 fxg4 53. Nd2 Bxh2 54. Ne4+ Ke5 55. Ng3 Bxg3+ 56. Kxg3 Kd4 57. Kxg4 Kc5 58. Kf4 Kb4 59. Ke4 Kxa4 1/2-1/2

[Event "45th FIDE Olympiad 2024"]
[Site "Budapest"]
[Date "2024.09.18"]
[Round "7.54"]
[White "Bridet, Robert"]
[Black "Ayyad, Maher"]
[Result "0-1"]
[WhiteElo "1697"]
[BlackElo "1980"]
[PlyCount "92"]
[EventDate "2024.09.05"]
[EventType "team-tourn"]
[EventCountry "HUN"]
[WhiteTeam "Dominica"]
[BlackTeam "Bahrain"]
[BlackTeamCountry "BHN"]
[TimeControl "40/5400+30:1800+30"]

1. e4 c5 2. Nf3 e6 3. b3 Nc6 4. Bb2 d6 5. Bb5 Bd7 6. O-O Nf6 7. Re1 Be7 8. e5 Nxe5 9. Bxd7+ Nexd7 10. d4 O-O 11. Nbd2 b5 12. a3 Rb8 13. Qe2 Qc7 14. Rac1 c4 15. c3 cxb3 16. Nxb3 Nb6 17. Nbd2 d5 18. h3 Na4 19. Nf1 Nxb2 20. Qxb2 Qa5 21. Ra1 Rfc8 22. Rec1 Ne4 23. N3d2 Nxd2 24. Nxd2 Bg5 25. g3 Bxd2 26. Qxd2 Rc4 27. Ra2 Rbc8 28. Rb2 Qxa3 29. Rxb5 Rxd4 30. Qxd4 Qxc1+ 31. Kg2 h6 32. Rb7 Qxc3 33. Qxa7 Qf6 34. Rd7 Rd8 35. Re7 d4 36. Qc7 Rd5 37. Qc8+ Kh7 38. Qf8 d3 39. Rxf7 Qxf7 40. Qxf7 d2 41. Qxe6 Rd8 42. Qf5+ Kh8 43. h4 d1=Q 44. Qf4 Qd4 45. Qc1 Qe4+ 46. Kg1 Qf3 {0-} 0-1

[Event "45th FIDE Olympiad 2024"]
[Site "Budapest"]
[Date "2024.09.18"]
[Round "7.55"]
[White "Avila Pavas, Santiago"]
[Black "Zilka, Stepan"]
[Result "1/2-1/2"]
[ECO "C47"]
[WhiteElo "2485"]
[BlackElo "2574"]
[Annotator "TA"]
[PlyCount "118"]
[EventDate "2024.09.05"]
[EventType "team-tourn"]
[EventCountry "HUN"]
[SourceTitle "playchess.com"]
[Source "ChessBase"]
[SourceQuality "1"]
[WhiteTeam "Colombia"]
[BlackTeam "Czech Republic"]
[WhiteTeamCountry "COL"]
[BlackTeamCountry "CZE"]
[TimeControl "40/5400+30:1800+30"]

1. e4 e5 2. Nf3 Nf6 3. Nc3 Nc6 4. d4 exd4 5. Nxd4 Bb4 6. Nxc6 bxc6 7. Bd3 d5 8. exd5 O-O 9. O-O Bg4 10. f3 Bh5 11. Bg5 Qd6 12. Bxf6 Qxf6 13. Ne4 Qxb2 14. Rb1 Qa3 15. dxc6 Ba5 16. Bc4 Rad8 17. Bd5 Rfe8 18. Rb3 Qf8 19. Rd3 Kh8 20. c4 f5 21. Ng3 Bg6 22. f4 Qc5+ 23. Kh1 Re7 24. Qb1 h5 25. Bf3 Rxd3 26. Qxd3 h4 27. Ne2 Bf7 28. Bd5 Bxd5 29. cxd5 Re4 30. Ng1 Bb6 31. Nh3 g6 $1 32. Qf3 Rc4 (32... Qxd5 $6 33. Ng5 Rd4 34. Qf2 $16) (32... Qb4 $11) 33. Qd1 Qe3 $2 (33... Rc2 $1 $11) 34. Re1 Qc3 {[%emt 0:00:19] [#]} 35. Ng5 $1 Be3 {[%emt 0:02:57] [#]} 36. Qe2 $2 (36. g3 $1 $18 {Qe2 would now be deadly.} Kg7 37. Qe2 (37. gxh4 Bxf4 38. Re7+ Kf8 $11)) 36... Rxf4 $1 $11 37. d6 (37. Qxe3 $2 Qxe3 (37... Rf1+ $2 38. Rxf1 Qxe3 39. d6 $19) 38. Rg1 Rc4 $19) (37. h3 $5 Rf2 $8 38. Qxe3 Rf1+ 39. Rxf1 Qxe3 40. d6 cxd6 (40... Qxg5 41. dxc7 Kg7 42. c8=Q Qf6 43. c7 Kh6 44. Qd8 Qe6 45. Qxh4+ Kg7 46. Re1) 41. Rb1 $11 (41. c7 Qc3 $11)) 37... cxd6 38. c7 (38. Qxe3 Qxe3 (38... Qxc6 39. Qxa7) 39. Ra1 Rc4 40. Nh3 Rxc6 (40... Rc1+ $2 41. Rxc1 Qxc1+ 42. Ng1 $19) 41. Ng1 Rc2 42. Nh3 Qd2 (42... Rc1+ 43. Rxc1 Qxc1+ 44. Ng1 h3 45. gxh3 Qf1 46. h4 f4 47. h5 f3 48. hxg6 Qg2#) 43. Rg1 Rxa2) (38. h3 $5 Rf2 $8 39. Qxe3 Rf1+ 40. Rxf1 Qxe3 41. Rb1 $11 (41. c7 Qc3 $11)) 38... Rc4 $1 39. Nf7+ $1 (39. Qxe3 $2 Qxe3 (39... Rxc7 $2 40. Qe8+ Kg7 41. Ne6+ Kh6 42. Qf8+ Kh5 43. Nf4+ Kg5 44. Qd8+ Kh6 45. Qxh4+ Kg7 46. Ne6+ Kg8 47. Nxc7 $18) 40. Nf3 Qc3 $19 (40... Qxe1+ $2 41. Nxe1 Rxc7 42. Kg1 $19)) 39... Kg8 40. Nxd6 (40. Qxe3 Qxe3 (40... Kxf7 41. Qe6+ Kg7 42. Qe7+ Kh6 43. c8=Q $11) 41. Rg1 Kxf7 (41... Rxc7 {leads to mate.} 42. Nh6+ Qxh6 43. h3 Rc2 44. Kh2 Qf4+ 45. Kh1 Qg3 46. a3 a5 47. a4 Kh7 48. Rf1 Qxg2#) 42. h3 Rxc7 43. Rd1 Rc2 44. Rb1 Qg3 (44... Rxa2 45. Rb7+ Kf6 46. Rc7 Qe1+ 47. Kh2 Qg3+ 48. Kh1 Qxg2#) (44... Rc1+ 45. Rxc1 Qxc1+ 46. Kh2 Qf1 47. g4 f4 48. a3 f3 49. g5 Qg2#) 45. Rb7+ Kf6) 40... Rxc7 41. Nb5 $1 (41. Qxe3 {gets mated.} Qxe3 42. Rd1 Rc1 43. h3 Rxd1+ 44. Kh2 Qg3#) 41... Qxe1+ $1 42. Qxe1 Rc1 43. Qxc1 $1 Bxc1 44. Nxa7 Kf7 45. Nc6 Ba3 46. Ne5+ Kf6 47. Nf3 g5 48. Kg1 Bd6 49. a4 Bc7 50. Kf2 h3 51. gxh3 g4 52. hxg4 fxg4 53. Nd2 Bxh2 54. Ne4+ Ke5 55. Ng3 Bxg3+ 56. Kxg3 Kd4 57. Kxg4 Kc5 58. Kf4 Kb4 59. Ke4 Kxa4 1/2-1/2

[Event "45th FIDE Olympiad 2024"]
[Site "Budapest"]
[Date "2024.09.18"]
[Round "7.55"]
[White "Monther, Alfardan"]
[Black "Thomas, Larry"]
[Result "1/2-1/2"]
[WhiteElo "1834"]
[BlackElo "1686"]
[PlyCount "50"]
[EventDate "2024.09.05"]
[EventType "team-tourn"]
[EventCountry "HUN"]
[WhiteTeam "Bahrain"]
[BlackTeam "Dominica"]
[WhiteTeamCountry "BHN"]
[TimeControl "40/5400+30:1800+30"]

1. e4 e5 2. Nf3 Nc6 3. Bc4 Be7 4. O-O d6 5. c3 Nf6 6. Re1 O-O 7. h3 Na5 8. Bd3 c5 9. Bc2 c4 10. b3 b5 11. b4 Nb7 12. a4 Bd7 13. axb5 Bxb5 14. d3 cxd3 15. Bxd3 Bxd3 16. Qxd3 Qc7 17. Bg5 Rfc8 18. Rc1 h6 19. Bxf6 Bxf6 20. Nbd2 a5 21. Qd5 Qc6 22. Qd3 Qc7 23. Qd5 Qc6 24. Qd3 Qc7 25. Qd5 Qc6 1/2-1/2

[Event "45th FIDE Olympiad 2024"]
[Site "Budapest"]
[Date "2024.09.18"]
[Round "7.56"]
[White "Vykouk, Jan"]
[Black "Valderrama Quiceno, Esteban Alb"]
[Result "1-0"]
[ECO "B11"]
[WhiteElo "2483"]
[BlackElo "2418"]
[Annotator "TA"]
[PlyCount "101"]
[EventDate "2024.09.05"]
[EventType "team-tourn"]
[EventCountry "HUN"]
[SourceTitle "playchess.com"]
[Source "ChessBase"]
[SourceQuality "1"]
[WhiteTeam "Czech Republic"]
[BlackTeam "Colombia"]
[WhiteTeamCountry "CZE"]
[BlackTeamCountry "COL"]
[TimeControl "40/5400+30:1800+30"]

1. e4 c6 2. Nf3 d5 3. Nc3 Bg4 4. h3 Bxf3 5. Qxf3 e6 6. Be2 Nf6 7. O-O Nbd7 8. d4 dxe4 9. Nxe4 Nxe4 10. Qxe4 {[%emt 0:00:06] The position is equal.} Be7 11. c4 O-O 12. Be3 Nf6 13. Qc2 Rc8 14. Rfd1 b5 15. b3 Qa5 16. a4 bxc4 17. bxc4 Rfd8 18. Rab1 Rd7 19. Bf3 h6 20. g3 Qa6 21. Rb2 Ba3 22. Rb3 Bf8 23. Rdb1 Ne8 (23... Re8 $142) 24. g4 (24. c5 $16) 24... Rdd8 (24... Qxa4 $14 25. R1b2 Nd6) 25. Qc3 Be7 26. Bg2 {[%emt 0:02:07] Strongly threatening c5.} Bf6 (26... Qxa4 $2 {too greedy.} 27. Ra1 $18) (26... Rc7 $16) 27. c5 $1 $18 {[%emt 0:01:24] Bf1 would now be deadly.} Rc7 28. Rb8 Rcc8 29. R8b7 (29. Rxc8 $1 $18 Qxc8 30. Qa5) 29... Rc7 ({Black should try} 29... Nc7 $14) 30. Rb8 {[%emt 0:05:34] White has more active pieces.} Rcc8 $1 31. R8b3 {[%emt 0:00:22] aiming for Bf1.} Rc7 $1 32. Bf1 Qc8 {[%emt 0:00:05] [#]} 33. Rb8 $1 Qd7 34. Rxd8 ({White should play} 34. a5 $1) 34... Qxd8 (34... Bxd8 $16 35. Qb2 Bg5) 35. Bf4 $1 Rc8 {[%emt 0:02:18] [#]} 36. Ba6 $1 $36 {[%emt 0:00:09][%mdl 2048] White has strong initiative.} Bxd4 {[%emt 0:02:05] [#]} 37. Qf3 (37. Qd2 $1 $18 g5 (37... Ra8 $2 38. Bb7 $18) 38. Bg3 (38. Bxc8 gxf4 39. Bb7 Qd5 $18) 38... Bxc5 39. Qc2) 37... e5 $2 {[%emt 0:01:59] This move loses the game for Black.} (37... Rc7 $16) 38. Bxc8 Qxc8 39. Be3 Nf6 40. Bxd4 exd4 {[%emt 0:00:00][%mdl 4096] Endgame. KQR-KQN} 41. Qf4 Nd7 {[%emt 0:30:42] Prevents Rb8} (41... Qd7 42. Qd6 d3) 42. Qxd4 h5 43. Qd6 hxg4 44. hxg4 Nf8 45. f3 Nd7 {[%emt 0:00:00] Dodges Rb8} 46. a5 Kh7 47. Kf2 Nf6 48. Rh1+ {[%emt 0:00:00] White mates.} Kg6 49. Qd3+ Kg5 {[%emt 0:00:00] [#]} 50. f4+ $1 Kxf4 51. Qe3+ {[%emt 0:00:00] Weighted Error Value: White=0.20 (precise) /Black=0.45.  Loses game:     	---       	Black=1      Mistake:       	White=4     	Black=6      Inaccurate:     	---       	Black=3      OK:         	White=13    	Black=8      Strong:       	White=3     	Black=2      Brilliant:      	White=1     	---} 1-0

[Event "45th FIDE Olympiad 2024"]
[Site "Budapest"]
[Date "2024.09.18"]
[Round "7.56"]
[White "Francis, Nigel"]
[Black "Shaker, Musab"]
[Result "0-1"]
[WhiteElo "1775"]
[BlackElo "1757"]
[PlyCount "72"]
[EventDate "2024.09.05"]
[EventType "team-tourn"]
[EventCountry "HUN"]
[WhiteTeam "Dominica"]
[BlackTeam "Bahrain"]
[BlackTeamCountry "BHN"]
[TimeControl "40/5400+30:1800+30"]

1. e4 e5 2. Nf3 Nf6 3. Nxe5 d6 4. Nf3 Nxe4 5. Nc3 Nxc3 6. dxc3 Be7 7. Be3 O-O 8. Qd2 c6 9. O-O-O Nd7 10. h3 d5 11. g4 Nc5 12. Kb1 Ne4 13. Qc1 b5 14. Bd3 Nc5 15. Be2 a5 16. Nd4 Bd7 17. f4 b4 18. c4 a4 19. Nf5 Bxf5 20. gxf5 b3 21. cxb3 axb3 22. a3 Ne4 23. Bf3 Qa5 24. Bxe4 Bxa3 25. Rd3 dxe4 26. Rxb3 Be7 27. Qc3 Qa1+ 28. Kc2 Qxh1 29. Qd2 Rfd8 30. Qe2 Qf3 31. Qxf3 exf3 32. Bf2 Bf6 33. Rxf3 Rdb8 34. b3 h6 35. Bc5 Ra2+ 36. Kc1 Re8 {0-} 0-1

[Event "45th FIDE Olympiad 2024"]
[Site "Budapest"]
[Date "2024.09.18"]
[Round "7.57"]
[White "Rodshtein, Maxim"]
[Black "Stefansson, Vignir Vatnar"]
[Result "1-0"]
[ECO "D35"]
[WhiteElo "2600"]
[BlackElo "2531"]
[Annotator "TA"]
[PlyCount "72"]
[EventDate "2024.09.05"]
[EventType "team-tourn"]
[EventCountry "HUN"]
[SourceTitle "playchess.com"]
[Source "ChessBase"]
[SourceQuality "1"]
[WhiteTeam "Israel"]
[BlackTeam "Iceland"]
[WhiteTeamCountry "ISR"]
[BlackTeamCountry "ISL"]
[TimeControl "40/5400+30:1800+30"]

1. c4 e6 2. Nc3 d5 3. d4 Nf6 4. cxd5 Nxd5 5. e4 Nxc3 6. bxc3 c5 7. Rb1 Be7 8. Nf3 O-O 9. h4 b6 {[%emt 0:00:15] The position is equal.} 10. h5 h6 11. Rh3 cxd4 12. cxd4 Bb7 13. Rg3 Kh8 $1 14. Bd3 Nc6 (14... Nd7 $11) 15. Qd2 $1 $16 {[%emt 0:11:17][%cal Og3g7] aiming for Rxg7!} Rg8 (15... Nxd4 $2 16. Nxd4 Bg5 (16... Qxd4 $2 17. Bb2 $18) 17. Rxg5 hxg5 18. Bb2 $18) 16. Kf1 {[%emt 0:15:41] White is more active.} Rc8 {[%emt 0:07:09] [#]} (16... Nxd4 $2 17. Nxd4 Bg5 (17... Qxd4 $2 18. Bb2 $18) 18. Qb4 $18) (16... Bh4 $142) 17. d5 $1 exd5 18. exd5 $40 {[%emt 0:00:34][%mdl 128] White attacks with force.} Nb8 {[%emt 0:00:15][%mdl 8192] A mistake that costs the game.} (18... Qxd5 $16 19. Bb2 f6 (19... Qxh5 $2 20. Rh3 $18)) 19. Ne5 $18 Bxd5 {[%emt 0:06:50] [#]} 20. Qf4 $1 {[%emt 0:00:24] White threatens Bb2 and mate.} Nd7 21. Bb2 (21. Nxf7+ Bxf7 22. Qxf7 Ne5 $11) 21... Nf6 (21... Bxa2 22. Nxf7+ Bxf7 23. Qxh6#) 22. Qf5 Qe8 {[%emt 0:04:23][%cal Oc8c5] [#]} (22... Bxa2 23. Rg6 Rf8 (23... fxg6 24. Nxg6+ Kh7 25. Nf8+ Kh8 26. Qh7+ Nxh7 27. Ng6#) 24. Rxg7 (24. Rxf6 Qxd3+ 25. Qxd3 Bxf6 $18) (24. Rxf6 Qxd3+ 25. Qxd3 Bxf6 $18)) 23. Rg6 $3 fxg6 24. Nxg6+ Qxg6 25. Qxg6 (25. hxg6 Rc5 26. Qf4 Rc6 $18) 25... Bc4 26. Bxc4 (26. Re1 Bxd3+ 27. Qxd3 Bd8 $18) 26... Rxc4 27. Re1 Bd8 28. Rd1 {[%emt 0:01:32][%cal Od1d8] Threatens to win with Rxd8!} Rb4 (28... Be7 $142 29. Qf7 Re4) 29. Bc3 Rc4 30. Rd3 Rc5 (30... Be7 {was necessary.} 31. Re3 Bd8) 31. f4 {[%emt 0:00:27] Hoping for g4.} Rc6 (31... Be7 $142 32. Ke2 Bf8) 32. g4 Rc4 33. Be5 {[%emt 0:01:53] g5 would now be deadly.} Bc7 34. Rc3 Rxc3 35. Bxc3 {[%emt 0:00:03] g5 would kill now.} Rf8 36. g5 Bd8 {[%emt 0:00:30] Weighted Error Value: White=0.21 (precise) /Black=0.62.  Loses game:     	---       	Black=1      Mistake:       	---       	Black=5      Inaccurate:     	White=1     	Black=1      OK:         	White=9     	Black=12     Best:        	White=2     	Black=1      Strong:       	White=2     	Black=1      Brilliant:      	White=1     	---} 1-0

[Event "45th FIDE Olympiad 2024"]
[Site "Budapest"]
[Date "2024.09.18"]
[Round "7.57"]
[White "Fancy, Stuart"]
[Black "Hasford, John Kojo"]
[Result "0-1"]
[WhiteElo "1921"]
[BlackElo "1956"]
[PlyCount "84"]
[EventDate "2024.09.05"]
[EventType "team-tourn"]
[EventCountry "HUN"]
[WhiteTeam "Papua New Guinea"]
[BlackTeam "Ghana"]
[WhiteTeamCountry "PNG"]
[BlackTeamCountry "GHA"]
[TimeControl "40/5400+30:1800+30"]

1. e4 d6 2. d4 g6 3. Nc3 Bg7 4. Be2 Nf6 5. g4 Nc6 6. g5 Nd7 7. d5 Nd4 8. Bg4 e5 9. Nf3 c5 10. dxc6 bxc6 11. Be3 c5 12. Nd5 Nb6 13. Bxc8 Rxc8 14. Nxb6 Qxb6 15. b3 O-O 16. c3 Ne6 17. Nd2 Qc6 18. Qg4 f5 19. gxf6 Rxf6 20. h4 h5 21. Qe2 Nf4 22. Qc4+ Kh7 23. O-O-O Rcf8 24. Nf3 Ne2+ 25. Qxe2 Rxf3 26. Rd5 Bh6 27. Bxh6 Kxh6 28. Qd2+ R8f4 29. Rxd6 Qxe4 30. Rg1 Rxf2 31. Rdxg6+ Qxg6 32. Rxg6+ Kxg6 33. Qd6+ Kf5 34. Qxc5 Rxa2 35. Kb1 Rff2 36. Qf8+ Kg4 37. Qg7+ Kxh4 38. Qxe5 Rae2 39. Qd4+ Kh3 40. Qd3+ Kg2 41. Qd5+ Kg1 42. Qg5+ Kf1 {0-} 0-1

[Event "45th FIDE Olympiad 2024"]
[Site "Budapest"]
[Date "2024.09.18"]
[Round "7.58"]
[White "Kjartansson, Gudmundur"]
[Black "Gorshtein, Ido"]
[Result "1/2-1/2"]
[ECO "E08"]
[WhiteElo "2478"]
[BlackElo "2543"]
[Annotator "TA"]
[PlyCount "93"]
[EventDate "2024.09.05"]
[EventType "team-tourn"]
[EventCountry "HUN"]
[SourceTitle "playchess.com"]
[Source "ChessBase"]
[SourceQuality "1"]
[WhiteTeam "Iceland"]
[BlackTeam "Israel"]
[WhiteTeamCountry "ISL"]
[BlackTeamCountry "ISR"]
[TimeControl "40/5400+30:1800+30"]

1. d4 Nf6 2. c4 e6 3. Nf3 d5 4. g3 Bb4+ 5. Bd2 Be7 6. Bg2 O-O 7. O-O c6 8. Qc2 b6 9. Bf4 Bb7 10. Rd1 Nbd7 11. Nc3 Rc8 12. b3 c5 13. cxd5 Nxd5 14. Nxd5 Bxd5 15. e4 cxd4 16. Qe2 Bb7 17. Nxd4 Qe8 (17... e5 18. Nf5 exf4 19. Rxd7 Qxd7 20. Qg4 $15) 18. Nb5 {[%emt 0:08:39][%cal Ob5d6] aiming for Nd6! White is more active.} Ba6 $1 19. Bf1 (19. a4 $1 $14) 19... e5 20. Be3 {[%emt 0:08:17] And now Qe1 would win.} Nc5 21. Qc4 Bxb5 (21... Qxb5 {simplifies} 22. Qxb5 Bxb5 23. Bxb5 Rfd8) 22. Qxb5 Nxe4 23. Qxe5 Bf6 24. Qxe8 Rfxe8 25. Rac1 Nc3 26. Rd7 Rxe3 27. fxe3 {[%emt 0:00:14] [#] Kg2 would now be deadly.} Ne2+ $1 28. Bxe2 Rxc1+ $16 {[%emt 0:00:06][%mdl 4096] Endgame. KRB-KRB} 29. Kf2 a5 30. Rb7 {[%emt 0:05:07] Rb8+ would kill now.} Kf8 31. Rxb6 Rc7 32. Bc4 Bc3 33. Ke2 Rd7 34. a3 g6 35. h4 h5 36. b4 axb4 37. axb4 Re7 38. Bd5 Bd4 {[%emt 0:00:42] The position is equal.} 39. Rb7 {[%emt 0:00:39] [#] Black must now prevent Rxe7.} Rxe3+ 40. Kd2 Re7 41. Rxe7 Kxe7 $11 {[%emt 0:02:32] KB-KB} 42. Ke2 f5 43. Kf3 Kf6 44. b5 Bb6 45. Bc4 Bc7 46. Bd5 Bb6 47. Bc4 {[%emt 0:00:02] Weighted Error Value: White=0.07 (flawless) /Black=0.04 (flawless) .  Mistake:       	White=1     	---        Inaccurate:     	White=1     	Black=1      OK:         	White=14    	Black=11     Best:        	White=3     	---        Strong:       	---       	Black=2} 1/2-1/2

[Event "45th FIDE Olympiad 2024"]
[Site "Budapest"]
[Date "2024.09.18"]
[Round "7.58"]
[White "Anhwere, Bernard"]
[Black "McCoy, Tom"]
[Result "1-0"]
[WhiteElo "1893"]
[BlackElo "1883"]
[Annotator "COMBH"]
[PlyCount "111"]
[EventDate "2024.09.05"]
[EventType "team-tourn"]
[EventCountry "HUN"]
[WhiteTeam "Ghana"]
[BlackTeam "Papua New Guinea"]
[WhiteTeamCountry "GHA"]
[BlackTeamCountry "PNG"]
[TimeControl "40/5400+30:1800+30"]

1. d4 d5 2. Nf3 Nf6 3. e3 e6 4. c4 c6 5. Nc3 Bd6 6. Bd3 O-O 7. O-O Nbd7 8. e4 dxe4 9. Nxe4 Nxe4 10. Bxe4 f5 11. Bc2 Nf6 12. Re1 Re8 13. Bg5 h6 14. Bxf6 Qxf6 15. c5 Bc7 16. Ne5 b6 17. cxb6 axb6 18. Nxc6 Bb7 19. Ne5 Qg5 20. f3 Rad8 21. Qd3 Rd6 22. Rad1 Red8 23. Qc4 Bb8 24. Kh1 Rd5 25. Bb3 Qf4 26. Qc1 Bxe5 27. Rxe5 Qxc1 28. Rxc1 Rxe5 29. dxe5 Bd5 30. Rd1 Kf7 31. Bxd5 exd5 32. f4 Rc8 33. h3 Ke6 34. Rd3 Rc4 35. g3 Rc1+ 36. Kg2 Rc2+ 37. Kf3 Rxb2 38. Rb3 Rxa2 39. Rxb6+ Kf7 40. Rb3 Rh2 41. Rb7+ Kf8 42. Rd7 Rd2 43. g4 fxg4+ 44. Kxg4 d4 45. Kf5 g5 46. Kf6 Ke8 47. e6 gxf4 48. Rh7 Kd8 49. Rh8+ Kc7 50. e7 Re2 51. e8=Q Rxe8 52. Rxe8 d3 53. Re1 f3 54. Ke5 d2 55. Rd1 f2 56. Ke4 1-0

[Event "45th FIDE Olympiad 2024"]
[Site "Budapest"]
[Date "2024.09.18"]
[Round "7.59"]
[White "Nabaty, Tamir"]
[Black "Stefansson, Hannes"]
[Result "1-0"]
[ECO "D30"]
[WhiteElo "2630"]
[BlackElo "2471"]
[Annotator "TA"]
[PlyCount "83"]
[EventDate "2024.09.05"]
[EventType "team-tourn"]
[EventCountry "HUN"]
[SourceTitle "playchess.com"]
[Source "ChessBase"]
[SourceQuality "1"]
[WhiteTeam "Israel"]
[BlackTeam "Iceland"]
[WhiteTeamCountry "ISR"]
[BlackTeamCountry "ISL"]
[TimeControl "40/5400+30:1800+30"]

1. d4 Nf6 2. c4 e6 3. Nf3 d5 4. e3 Bd6 5. c5 Be7 6. b4 O-O 7. Bb2 b6 8. Nbd2 {[%emt 0:00:35] The position is equal.} a5 9. a3 c6 10. Be2 Ba6 11. O-O Qc8 12. cxb6 Nbd7 13. bxa5 {[%emt 0:18:28] And now Bc3 would win.} (13. Bc3 {is more complex.} axb4 14. Bxb4 Bxb4 15. axb4 Qb7 16. Ra5) 13... Bxe2 14. Qxe2 {[%emt 0:00:06] Strongly threatening Nb3.} Rxa5 15. Bc3 Rxa3 16. Rxa3 Bxa3 17. Ra1 $1 Bd6 18. Qa6 Qxa6 19. Rxa6 {[%emt 0:00:04] Threatens to win with b7.} Rb8 20. Ba5 Kf8 21. Nb3 {[%emt 0:04:18][%cal Of3e5] Ne5! would now be deadly.} Ne4 {[%emt 0:13:10] [#]} 22. Ne5 Nxe5 $2 (22... Bxe5 $15 23. dxe5 Ke8) 23. dxe5 $16 {[%emt 0:00:23] White leaves nothing to chance now.} Nc5 ({Reject} 23... Bxe5 24. f3 Nf6 25. Bb4+ Ke8 26. f4 $18 (26. Na5 c5 $11)) 24. Bb4 Nxa6 25. Bxd6+ Ke8 26. Bxb8 Nxb8 $18 {[%emt 0:00:05][%mdl 4096] Endgame. KN-KN} 27. Nc5 Nd7 {[%emt 0:05:11] [#]} 28. b7 $1 {[%emt 0:01:07] Intending Nxd7 and mate.} Nb8 29. Kf1 Kd8 30. Ke2 Kc7 {[%emt 0:00:10] [#]} 31. Kd3 $1 Kb6 32. Kd4 g6 (32... h5 $142 33. h3 g6) 33. g4 Kb5 (33... Ka5 $142 34. f4 Kb5) 34. h4 (34. f4 $142 Ka5 35. e4) 34... h6 $2 (34... h5) 35. h5 {[%emt 0:04:24] White is clearly winning.} gxh5 36. gxh5 Ka5 37. f4 Kb6 38. e4 dxe4 39. Nxe4 c5+ 40. Kc4 (40. Nxc5 Nc6+ 41. Kc4 Na5+ 42. Kd3 Nxb7 43. Nd7+ Kc7 $14) 40... Kxb7 41. Nd6+ ({Stronger than} 41. Kxc5 Kc7 $11) 41... Kc6 42. Nxf7 {[%emt 0:00:05] Weighted Error Value: White=0.16 (very precise) /Black=0.34.  Mistake:       	White=2     	Black=4      Inaccurate:     	---       	Black=3      OK:         	White=8     	Black=10     Best:        	White=5     	Black=5      Strong:       	White=3     	---} 1-0